Map: Dusk Towers

Players

MorN - Winner!

  • Race: Terran Terran
  • League: Master

Apocalypse

  • Race: Protoss Protoss
  • League: Master

VOD

Have the link to the VOD?

Description

Time

  • Played on: Dec. 6, 2015, 12:42 a.m.
  • Length: 11:17
Show
View Real Time Build Order
Export as new Build Order

MorN Terran - Winner!

Build Orders: MMM Bio 

Get SALT Encoding   

  12  0:00  SCV  
  13  0:12  SCV  
  14  0:17  Supply Depot  
  14  0:25  SCV  
  15  0:38  SCV  
  15  0:39  Barracks  
  16  0:50  SCV  
  17  1:01  Refinery  
  17  1:03  SCV  
  18  1:10  Refinery  
  18  1:15  SCV  
  19  1:27  Orbital Command  
  19  1:28  Marine  
  20  1:46  Command Center  
  21  1:54  SCV  
  21  2:03  Factory  
  21  2:07  SCV  
  22  2:11  Marine  
  23  2:21  Supply Depot  
  23  2:41  Barracks Reactor  
  23  2:42  SCV  
  24  2:47  Factory Tech Lab  
  24  2:49  Barracks  
  24  2:50  Engineering Bay  
  24  2:54  SCV  
  25  3:00  Orbital Command  
  25  3:08  Cyclone  
  25  3:10  SCV  
  29  3:22  Barracks  
  29  3:24  Terran Infantry Weapons Level 1  
  29  3:27  SCV  
  29  3:30  SCV  
  29  3:33  Marine  
  32  3:44  SCV x2  
  32  3:48  Factory Tech Lab  
  34  3:51  Stimpack  
  34  3:52  Marine x2  
  36  3:56  SCV  
  36  4:01  Supply Depot, SCV  
  38  4:08  SCV  
  39  4:12  Starport, Marine x3  
  39  4:15  SCV  
  39  4:16  Factory Reactor  
  43  4:23  SCV  
  44  4:28  Supply Depot, Marauder  
  44  4:30  Combat Shields, Marauder  
  48  4:32  SCV  
  49  4:40  SCV  
  49  4:44  Marine x2  
  52  4:47  Supply Depot  
  52  4:52  Marauder  
  54  4:57  SCV  
  54  4:58  SCV  
  56  5:00  Factory Reactor  
  56  5:02  Medivac x2  
  56  5:05  Supply Depot  
  60  5:09  SCV  
  60  5:10  SCV  
  60  5:12  Marine x3  
  65  5:18  Supply Depot  
  65  5:20  Terran Infantry Armor Level 1  
  65  5:21  SCV  
  64  5:29  Marauder  
  64  5:30  Marine  
  64  5:31  SCV  
  68  5:41  Widow Mine x2  
  72  5:45  Refinery  
  72  5:46  SCV, Refinery  
  73  5:50  Command Center, Supply Depot  
  71  6:01  Marine x2  
  71  6:02  Marauder x2  
  76  6:10  SCV x2  
  78  6:12  Supply Depot  
  78  6:22  SCV x2, Marine  
  78  6:23  Marine x2  
  78  6:24  Marauder  
  80  6:31  Widow Mine x2  
  83  6:36  Medivac  
  85  6:40  Supply Depot, Marine  
  85  6:41  Marauder, Marine  
  85  6:43  SCV  
  85  6:45  Marauder  
  92  6:47  Engineering Bay  
  92  6:49  Armory  
  92  6:55  Medivac  
  92  6:56  SCV  
  92  6:57  SCV  
  92  6:58  Marine x2  
  98  7:07  Marine x2  
  98  7:15  Orbital Command  
  98  7:16  Marine x2  
  98  7:17  Medivac  
  98  7:18  SCV x2  
  98  7:21  Supply Depot  
  104  7:25  Marine  
  104  7:26  Marauder  
  107  7:33  Marine  
  107  7:34  Marine  
  109  7:37  Orbital Command  
  109  7:38  Barracks  
  109  7:40  Barracks  
  109  7:42  Terran Infantry Weapons Level 2  
  109  7:44  Marauder  
  111  7:46  Marine, Terran Infantry Armor Level 2  
  112  7:51  Marine  
  112  7:52  Marine  
  114  8:04  Marine  
  114  8:05  SCV x2, Marauder  
  114  8:07  SCV  
  114  8:09  Marine  
  114  8:10  Supply Depot, Marine  
  119  8:17  SCV  
  119  8:19  SCV, Supply Depot  
  121  8:22  Widow Mine x2  
  121  8:23  Marauder  
  121  8:24  SCV  
  121  8:26  Marauder  
  126  8:27  Marine  
  126  8:28  Marine  
  126  8:29  Supply Depot  
  127  8:43  Barracks Reactor  
  127  8:44  Barracks Tech Lab, Medivac, Marine  
  127  8:45  Medivac, Marine x2  
  127  8:47  Marine  
  135  8:51  SCV  
  135  8:52  SCV  
  131  8:55  Refinery  
  131  8:57  Supply Depot  
  131  9:01  Marine  
  132  9:03  Marine  
  132  9:04  Marauder, Marine  
  132  9:05  Marauder  
  132  9:07  Command Center  
  136  9:15  Widow Mine  
  136  9:16  Widow Mine  
  140  9:18  Terran Vehicle Weapons Level 1  
  140  9:20  Marine, Marauder  
  140  9:21  Marine x2  
  140  9:22  Marine  
  146  9:26  Marauder  
  146  9:27  Marauder  
  150  9:39  Marine x2  
  150  9:41  Marauder  
  150  9:44  Widow Mine x2  
  157  9:50  Refinery  
  157  9:57  Supply Depot  
  157  9:58  Supply Depot  
  157  9:59  Supply Depot  
  157  10:00  Supply Depot  
  157  10:18  Marauder, SCV x3, Marine x2, Medivac x2, Widow Mine x2  
  157  10:19  Marauder, Marine x3  
  177  10:36  Marauder, Marine  
  177  10:37  Marine x3  
  177  10:40  Marauder  
  177  10:41  Marauder  
  183  10:54  Marine x2  
  176  10:59  Marine x2  
  180  11:14  Supply Depot  
  180  11:15  Command Center  
Show
View Real Time Build Order
Export as new Build Order

Apocalypse Protoss 

Build Orders: 1 Gate Expand 

Get SALT Encoding   

  12  0:01  Probe (Chrono Boost)  
  13  0:11  Probe (Chrono Boost)  
  14  0:18  Pylon  
  14  0:22  Probe (Chrono Boost)  
  15  0:36  Probe (Chrono Boost)  
  15  0:37  Gateway  
  15  0:41  Assimilator  
  16  0:52  Probe (Chrono Boost)  
  17  1:02  Probe (Chrono Boost)  
  18  1:13  Probe (Chrono Boost)  
  19  1:21  Nexus  
  19  1:24  Probe (Chrono Boost)  
  20  1:35  Probe (Chrono Boost)  
  20  1:37  Cybernetics Core  
  21  1:45  Probe (Chrono Boost)  
  22  1:47  Pylon  
  22  1:53  Assimilator  
  22  1:56  Probe (Chrono Boost)  
  23  2:06  Probe (Chrono Boost)  
  24  2:18  Adept, Warp Gate  
  24  2:20  Mothership Core (Chrono Boost)  
  28  2:34  Probe (Chrono Boost)  
  29  2:38  Probe (Chrono Boost)  
  29  2:43  Forge  
  30  2:44  Probe (Chrono Boost)  
  30  2:45  Adept  
  30  2:49  Probe (Chrono Boost)  
  34  2:55  Probe (Chrono Boost)  
  35  2:59  Probe (Chrono Boost)  
  35  3:05  Probe (Chrono Boost)  
  37  3:07  Robotics Facility  
  37  3:10  Probe (Chrono Boost)  
  38  3:13  Protoss Ground Armor Level 1 (Chrono Boost)  
  38  3:15  Adept, Pylon  
  40  3:22  Probe  
  40  3:23  Probe  
  42  3:33  Probe  
  42  3:36  Probe  
  44  3:42  Adept  
  44  3:43  Probe  
  44  3:48  Probe  
  48  3:54  Probe, Gateway  
  48  3:55  Gateway  
  48  3:59  Warp Prism (Chrono Boost)  
  48  4:00  Gateway  
  48  4:01  Probe  
  52  4:04  Assimilator  
  52  4:06  Assimilator  
  52  4:17  Probe  
  52  4:18  Probe  
  52  4:22  Pylon  
  54  4:25  Pylon  
  54  4:39  Pylon  
  54  4:40  Observer (Chrono Boost)  
  54  4:45  Sentry  
  57  4:47  Protoss Ground Weapons Level 1  
  57  4:50  Probe x2  
  59  4:58  Nexus  
  59  5:00  Twilight Council, Pylon  
  59  5:01  Immortal (Chrono Boost)  
  59  5:04  Sentry  
  65  5:07  Sentry  
  65  5:10  Probe x2  
  69  5:22  Probe x2  
  69  5:29  Adept x2  
  69  5:34  Probe x2  
  75  5:36  Immortal (Chrono Boost)  
  75  5:37  Resonating Glaives (Chrono Boost)  
  75  5:41  Pylon  
  79  5:44  Pylon  
  79  5:45  Sentry  
  81  5:52  Probe  
  82  5:57  Adept x2  
  86  6:08  Probe  
  86  6:09  Probe  
  88  6:16  Probe  
  89  6:20  Probe  
  89  6:21  Probe  
  87  6:26  Probe  
  88  6:35  Cybernetics Core  
  88  6:38  Immortal, Pylon x2  
  92  6:41  Probe  
  92  6:42  Probe x2, Pylon  
  92  6:44  Assimilator  
  95  6:48  Assimilator  
  95  6:54  Gateway  
  95  6:56  Pylon  
  95  6:58  Gateway  
  95  7:05  Blink (Chrono Boost)  
  94  7:09  Zealot x3  
  100  7:18  Forge  
  100  7:23  Forge  
  100  7:24  Pylon  
  100  7:30  Stalker x3  
  106  7:41  Probe x2  
  106  7:42  Probe  
  109  7:54  Probe, Pylon  
  109  7:55  Stalker x2  
  109  7:56  Stalker x2  
  115  8:01  Protoss Ground Armor Level 2 (Chrono Boost), Protoss Ground Weapons Level 2 (Chrono Boost)  
  115  8:03  Immortal  
  119  8:19  Probe  
  108  8:22  Stalker x4  
  108  8:23  Stalker, Probe  
  108  8:24  Probe  
  120  8:31  Probe  
  118  8:41  Probe  
  118  8:43  Probe x2  
  118  8:46  Stalker x2  
  118  8:47  Zealot x2  
  128  8:53  Probe  
  128  8:55  Probe x2  
  129  9:11  Adept x3  
  129  9:12  Adept x2  
  129  9:13  Probe  
  140  9:25  Mothership Core  
  140  9:26  Templar Archives  
  136  9:53  Pylon  
  136  9:54  Pylon  
  136  9:59  Pylon  
  136  10:05  Pylon  
  136  10:06  Pylon  
  136  10:08  Pylon  
  136  10:16  Probe  
  136  10:17  Probe x2  
  139  10:22  Adept  
  139  10:26  Probe  
  142  10:28  Pylon  
  142  10:30  Probe x2, Pylon  
  142  10:32  Pylon  
  144  10:37  Probe  
  144  10:42  Probe  
  146  10:45  Adept x2  
  146  10:46  Adept  
  120  11:03  Adept x2  
Tags
 
Composition
MMM Bio
Matchup
PvT
Replay Pack
MorN pack 2
Add a new tag
Caveats
  • Supply blocks, unpowered buildings, or Contaminate may cause inaccurate times.
  • Supply counts are checked every 10 seconds.